 Dungeon Crawl Stone Soup version bcrawl-1.28.4 (webtiles) character file.

Game seed: 8511876204922537365

100877 esc the Skirmisher (level 4, -1/37 HPs)
             Began as a Hill Orc Archaeologist on Jan 13, 2021.
             Was an Initiate of Okawaru.
             Killed by divine providence
             ... invoked by an orc priest
              (11 damage)
             ... on level 3 of the Dungeon.
             The game lasted 00:03:03 (2259 turns).

esc the Skirmisher (Hill Orc Archaeologist)         Turns: 2259, Time: 00:03:04

Health: -1/37      AC: 19    Str: 14    XL:     4   Next: 16%
Magic:  4/4        EV:  6    Int: 14    God:    Okawaru [......]
Gold:   144        SH:  0    Dex:  9    Spells: 3/3 levels left

rFire    . . .     SeeInvis +   o - +3 mace (protect)
rCold    . . .     Gourm    .   (no shield)
rNeg     . . .     Faith    .   k - +0 chain mail
rPois    .         Spirit   .   d - +1 hat
rElec    .         Reflect  .   (no cloak)
rCorr    .         Harm     .   (no gloves)
MR       .....                  i - +1 pair of boots
Stlth    ..........             (no amulet)
HPRegen  0.12/turn              s - ring of see invisible
MPRegen  0.09/turn              (no ring)

@: protection aura
A: no striking features
a: Renounce Religion, Convert to Beogh


You were on level 3 of the Dungeon.
You worshipped Okawaru.
Okawaru was noncommittal.
You were hungry.

You visited 1 branch of the dungeon, and saw 3 of its levels.

You collected 144 gold pieces.

Inventory:

Hand Weapons
 b - a +0 blowgun
 o - a +3 mace of protection (weapon)
 p - a +0 spear of flaming
 u - a -1 whip
Missiles
 f - 6 curare-tipped needles
 q - a throwing net {=f}
Armour
 c - a +1 robe
 d - a +1 hat (worn)
 i - a +1 pair of boots (worn)
 k - a +0 chain mail (worn)
Jewellery
 s - a ring of see invisible (left hand)
Scrolls
 g - a scroll of magic mapping
 j - a scroll of enchant weapon
 m - a scroll of teleportation
 y - a scroll of fear {unknown}
 z - a scroll of remove curse
Potions
 a - a potion of lignification {unknown}
 l - 2 potions of magic {unknown}
 n - a potion of degeneration {unknown}
 r - 2 potions of mutation {unknown}
 t - a potion of berserk rage {unknown}
 v - a potion of curing {unknown}
 w - a potion of agility {unknown}
 x - a potion of might {unknown}
Miscellaneous
 h - a dusty tome
Comestibles
 e - 2 rations {!d}


   Skills:
 + Level 2.8 Fighting
   Level 2.8 Short Blades
   Level 2.8 Long Blades
   Level 2.8 Axes
   Level 2.8 Maces & Flails
   Level 2.8 Polearms
   Level 2.8 Staves
 + Level 2.5 Armour
 - Level 2.4 Dodging
 - Level 2.6 Stealth
   Level 2.8 Unarmed Combat


You had 3 spell levels left.
You didn't know any spells.
Your spell library was empty.

Dungeon Overview and Level Annotations

Branches:
Dungeon (3/12)

Altars:
Okawaru


Message History

The orc priest invokes the aid of Beogh against you.
Beogh smites you!
The orc priest shouts, "Beogh is our master!
Accept the truth or die!"
You hit the orc priest.
The orc priest is severely wounded.
You barely miss the orc priest.
The orc priest is severely wounded.
The orc priest invokes the aid of Beogh against you.
Beogh smites you!
You hit the orc priest.
The orc priest is almost dead.
The orc priest calls down the wrath of Beogh upon you.
Pain shoots through your body!
* * * LOW HITPOINT WARNING * * *
You hit the orc priest but do no damage.
The orc priest shouts, "Beogh is our master!
Accept the truth or die!"
The orc priest is almost dead.
The orc priest calls down the wrath of Beogh upon you.
Beogh smites you!
You die...

#..# #######.## .o#
#........# ..#
#.######.## #o#
#......# # #.#
#.####.##.# #o# ###
#.#.......# #.#...#
#.#....######o#...#
#.#...[....@oo....#
#.#.#...#####)#...#
#.#.#...## #.# .....
#.#.#<...# #.# #.###
#.#.#....## #$#.# ..
#.#.#..†..# #.#.#.###
#.#.#...#.# #.....$..
#.#.#...#.###.#.#####
#.#.#.......#.#...


You could see an orc priest and 2 orcs.

Vanquished Creatures
  2 oozes
  A dart slug (D:3)
  2 leopard geckos
  An orc (D:3)
  A ball python (D:1)
  3 giant cockroaches
  6 goblins (D:1)
  5 hobgoblins
  4 jackals (D:2)
  3 quokkas
  4 bats
  5 frilled lizards
  6 kobolds
  9 rats
52 creatures vanquished.

Notes
Turn   | Place    | Note
-------+----------+-------------------------------------------
     0 | D:1      | esc the Hill Orc Archaeologist began the quest for the Orb.
     0 | D:1      | Reached XP level 1. HP: 16/16 MP: 1/1
   178 | D:1      | Reached XP level 2. HP: 9/24 MP: 2/2
   195 | D:1      | Found an iron altar of Okawaru.
   210 | D:1      | Became a worshipper of Warmaster Okawaru
   361 | D:1      | Reached skill level 1 in Armour
   666 | D:1      | Reached XP level 3. HP: 29/30 MP: 3/3
  2108 | D:3      | Reached XP level 4. HP: 37/37 MP: 4/4
  2259 | D:3      | Killed from afar by an orc priest

Skill      XL: |  1  2  3 |
---------------+----------+-----
Fighting       | 2 |  2.8
Armour         | 1 2 |  2.5
Short Blades   | |  2.8
Long Blades    | |  2.8
Axes           | |  2.8
Maces & Flails | |  2.8
Polearms       | |  2.8
Staves         | |  2.8
Dodging        | |  2.4
Stealth        | |  2.6
Unarmed Combat | |  2.8

Action                   |  1- 3 |  4- 6 || total
-------------------------+-------+-------++-------
Melee: Whip              |    39 |       ||    39
       Punch             |     1 |       ||     1
       Mace              |   133 |    18 ||   151
  Use: Scroll            |     3 |       ||     3
 Stab: Sleeping          |     1 |       ||     1
  Eat: Chunk             |     5 |       ||     5
       Ration            |     1 |       ||     1
Armor: Chain mail        |   128 |     8 ||   136
       Robe              |     3 |       ||     3
Dodge: Dodged            |    70 |     3 ||    73
